Unix NetHack Version 5.0.0-0 post-release - last build Jul 19 2026 19:10:59 (3aa4ab31751d3886436d94b585a96704892fd477,branch:main).

Game began 2026-07-23 00:36:53, ended 2026-07-23 00:41:09.

Jinnora, lawful female human Knight

               -----------
               |.........|
               |.........|
     -----   ##..........|
     |...|   # |...---...|
     |.(.|   # |...| |....######
     |..<.#### |...---...|     #
     |...|     |.........|     #    ----------
     |...|     |.........|     #####|...%.....#u
     -----     |.........|         #|%.......| @
               -----------         #.%%.%...%| L
                                    |....*...|
                                    ----------

Jinnora the Gallant      St:14 Dx:9 Co:11 In:10 Wi:14 Ch:18  Lawful
Dlvl:3  $:10 HP:0(23) Pw:13(13) AC:3  Xp:2/26 T:890  Burdened

Latest messages:
 You see here 5 gold pieces.
 You have a little trouble lifting $ - 5 gold pieces (10 in total).
 In what direction? 8
 You kick a chest.
 THUD!
 You break open the lock!
 You see here a broken chest.
 In what direction? <esc>
 Never mind.
 You have a little trouble removing p - a scroll labeled PHOL ENDE WODAN.
 You climb up the stairs.
 You swap places with your saddled pony.
 You fall down the stairs.
 You swap places with your saddled pony.
 You stop.  Your saddled pony is in the way!
 You swap places with your saddled pony.
 You swap places with your saddled pony.
 You swap places with your saddled pony.
 In what direction? 6
 Thwack!!
 In what direction? 6
 As you kick the door, it crashes open!
 You hear a nearby zap.
 Ouch!  You bump into a door.
 In what direction? 6
 This door is locked.
 In what direction? 6
 This door is locked.
 In what direction? 6
 Thwack!!
 In what direction? 6
 Whammm!!
 In what direction? 6
 Whammm!!
 In what direction? 6
 As you kick the door, it crashes open!
 A trap door in the ceiling opens and a rock falls on your head!
 Fortunately, you are wearing a hard helmet.
 You hear a door open.
 The lich touches you!
 You're covered in frost!
 Your pink potion freezes and shatters!
 The air crackles around the lich.
 You miss the lich.
 The lich touches you!
 You avoid harm.
 The lich casts a spell at you!
 Your head suddenly aches painfully!
 You die...
 Do you want your possessions identified? [ynq] (y) q

Inventory:
 Coins    ('$')
  $ - 10 gold pieces
 Weapons  (')')
  a - an uncursed +1 long sword (weapon in right hand)
  b - an uncursed +1 lance (alternate weapon; not wielded)
 Armor    ('[')
  d - an uncursed +0 helmet (being worn)
  f - an uncursed +0 pair of leather gloves (being worn)
  e - an uncursed +0 small shield (being worn)
  c - an uncursed +1 ring mail (being worn)
 Comestibles  ('%')
  g - 10 uncursed apples
  h - 13 uncursed carrots
  m - 3 uncursed food rations
 Scrolls  ('?')
  l - an uncursed scroll of destroy armor
  p - an uncursed scroll of enchant armor
  n - a blessed scroll of identify
 Spellbooks  ('+')
  i - an uncursed spellbook of healing
 Potions  ('!')
  k - an uncursed potion of restore ability
 Gems/Stones  ('*')
  j - an uncursed worthless piece of yellowish brown glass

Jinnora the Knight's attributes:

Background:
 You were a Gallant, a level 2 female human Knight.
 You were lawful, on a mission for Lugh
 who was opposed by Brigit (neutral) and Manannan Mac Lir (chaotic).
 You were right-handed.
 You were in the Dungeons of Doom, on level 3.
 You entered the dungeon 890 turns ago.
 It was the midnight hour.
 You had 26 experience points, 14 more were needed to attain level 3.

Basics:
 You had 0 out of 23 hit points.
 You had all 13 energy points (spell power).
 Your armor class was 3.
 Your wallet contained 10 zorkmids.
 Autopickup was off.

Final Characteristics:
 Your strength was 14 (limit:18/100).
 Your dexterity was 9 (limit:18).
 Your constitution was 11 (limit:18).
 Your intelligence was 10 (limit:18).
 Your wisdom was 14 (limit:18).
 Your charisma was 18 (limit:18).

Final Status:
 You weren't hungry.
 You were burdened; movement was slightly slowed.
 You were wielding a long sword.
 You had basic skill with long sword.

Final Attributes:
 You were fervently aligned.
 You could jump.
 You were warded.
 You are dead.

Miscellaneous:
 You didn't encounter any bones levels.
 Total elapsed playing time was 4 minutes and 15 seconds.

Major events:
 Turn
    1: Jinnora the lawful female human Knight entered the dungeon
  376: entered the Gnomish Mines
  890: killed by a lich

You didn't know any spells.

Skills:
 Fighting Skills
   bare handed combat [Unskilled]
   two weapon combat  [Unskilled]
   riding             [Basic]
 Weapon Skills
   dagger             [Unskilled]
   knife              [Unskilled]
   axe                [Unskilled]
   pick-axe           [Unskilled]
   short sword        [Unskilled]
   broadsword         [Unskilled]
   long sword         [Basic]
   two-handed sword   [Unskilled]
   saber              [Unskilled]
   club               [Unskilled]
   mace               [Unskilled]
   morning star       [Unskilled]
   flail              [Unskilled]
   hammer             [Unskilled]
   polearms           [Unskilled]
   spear              [Unskilled]
   trident            [Unskilled]
   lance              [Basic]
   bow                [Unskilled]
   crossbow           [Unskilled]
 Spellcasting Skills
   attack spells      [Unskilled]
   healing spells     [Unskilled]
   clerical spells    [Unskilled]

Voluntary challenges:
 Character rerolling was not enabled.
 You were an atheist.
 You were illiterate.
 You never genocided any monsters.
 You never polymorphed an object.
 You never changed form.
 You used no wishes.
Achievement:
 You entered the Gnomish Mines.

 The Dungeons of Doom: levels 1 to 3
    Level 1:
       A fountain.
    Level 2:
       Stairs down to The Gnomish Mines.
    Level 3: <- You were here.
       Final resting place for
          you, killed by a lich.
 The Gnomish Mines:
    Level 3:


Vanquished creatures:
  5 jackals
  a fox
  a kobold
  a goblin
  3 sewer rats
  7 grid bugs
  a lichen
  a kobold zombie
  3 newts
23 creatures vanquished.

No species were genocided or became extinct.

Game over:
                       ----------
                      /          \
                     /    REST    \
                    /      IN      \
                   /     PEACE      \
                  /                  \
                  |     Jinnora      |
                  |      10 Au       |
                  | killed by a lich |
                  |                  |
                  |                  |
                  |                  |
                  |       2026       |
                 *|     *  *  *      | *
        _________)/\\_//(\/(/\)/\//\/|_)_______

Fare thee well Jinnora the Knight...

You died in The Dungeons of Doom on dungeon level 3 with 213 points,
and 10 pieces of gold, after 890 moves.
You were level 2 with a maximum of 23 hit points when you died.

